 Dungeon Crawl Stone Soup version 0.24.0-13-gcf9b319 (webtiles) character file.

Game seed: 15926274001502186331, levelgen mode: deterministic

276116 sanboga the Peltast (level 20, 0/117 HPs)
             Began as a Gargoyle Fighter on Jan 2, 2020.
             Was the Champion of Hepliaklqana.
             Slain by an imperial myrmidon
             ... wielding a +0 scimitar
              (10 damage)
             ... in the Desolation of Salt.
             The game lasted 01:00:29 (37410 turns).

sanboga the Peltast (Gargoyle Fighter)             Turns: 37410, Time: 01:00:30

Health: 0/117      AC: 45    Str: 32    XL:     20   Next: 36%
Magic:  24/26      EV:  7    Int:  9    God:    Hepliaklqana [******]
Gold:   2499       SH: 16    Dex:  9    Spells: 19/19 levels left

rFire    + + .     SeeInvis .   a - +9 broad axe (chop)
rCold    + . .     Gourm    .   c - +0 shield
rNeg     + . .     Faith    .   z - +0 crystal plate armour
rPois    ∞         Spirit   .   y - +0 helmet
rElec    +         Reflect  .   k - scarf {rC+ rF+}
rCorr    .         Harm     .   m - +2 pair of gloves {Str+3}
MR       +....                  t - +0 pair of boots
Stlth    ..........             i - amulet of rage
HPRegen  0.29/turn              C - +2 ring of slaying
MPRegen  0.20/turn              H - ring of protection from fire

@: flying, slowed, lightly drained, very slow
A: reduced essence, big wings, negative energy resistance 1, electricity
resistance, unbreathing, petrification resistance, rot immunity, AC +15
}: 2/15 runes: barnacled, gossamer
a: Stop Flying, Recall Ancestor, Ancestor Identity, Transference, Idealise,
Renounce Religion, Evoke Berserk Rage


You were in the Desolation of Salt.
You worshipped Hepliaklqana.
Hepliaklqana was exalted by your worship.
You were not hungry.

You visited 7 branches of the dungeon, and saw 35 of its levels.
You visited the Abyss 1 time.
You also visited: Desolation.

You collected 3393 gold pieces.
You spent 894 gold pieces at shops.

Inventory:

Hand Weapons
 a - a +9 broad axe of chopping (weapon)
 b - a +0 vampiric broad axe
Armour
 c - a +0 shield (worn)
 k - a scarf of resistance (worn)
 m - a +2 pair of gloves of strength (worn)
 t - a +0 pair of boots (worn)
 y - a +0 helmet (worn)
 z - a +0 crystal plate armour (worn)
Jewellery
 h - an uncursed ring of ice
 i - an amulet of rage (around neck)
 B - an uncursed ring of protection from fire
 C - a +2 ring of slaying (left hand)
 H - a ring of protection from fire (right hand)
 K - a +4 ring of dexterity
 P - an uncursed ring of protection from magic
 R - an uncursed ring of ice
Wands
 l - a wand of paralysis (2)
 r - a wand of disintegration (13)
 s - a wand of digging (4)
 v - a wand of flame (49)
 x - a wand of enslavement (23)
 G - a wand of iceblast (18)
 L - a wand of clouds (3)
 M - a wand of acid (14)
 N - a wand of polymorph (15)
 O - a wand of random effects (23)
Scrolls
 e - 11 scrolls of magic mapping
 j - 20 scrolls of teleportation
 n - 6 scrolls of blinking
 p - 12 scrolls of remove curse
 u - 4 scrolls of fog
 w - 8 scrolls of identify
 A - 2 scrolls of holy word
 I - a scroll of enchant weapon
Potions
 g - 7 potions of mutation
 o - 17 potions of curing
 D - a potion of berserk rage
 E - 3 potions of haste
 F - 4 potions of might
 J - a potion of ambrosia
 Q - a potion of cancellation
Comestibles
 f - 61 rations
 q - 6 chunks of flesh


   Skills:
 + Level 15.4(14.8) Fighting
 * Level 17.8(17.1) Axes
 + Level 15.5(14.8) Armour
 * Level 20.6(19.8) Shields
 - Level 9.1(8.5) Invocations
 + Level 6.8(6.3) Evocations


You had 19 spell levels left.
You didn't know any spells.
Your spell library contained the following spells:

 Spells                   Type           Power        Failure   Level  Hunger
 Beastly Appendage        Tmut           #.....       99%         1    ##.....
 Flame Tongue             Conj/Fire      #....        99%         1    ##.....
 Magic Dart               Conj           #...         99%         1    ##.....
 Sandblast                Erth           #.....       99%         1    ##.....
 Passwall                 Tmut/Erth      #.......     100%        2    ###....
 Searing Ray              Conj           #.....       100%        2    ###....
 Sticks to Snakes         Tmut           #.......     100%        2    ###....
 Throw Flame              Conj/Fire      #.....       100%        2    ###....
 Conjure Flame            Conj/Fire      #.......     100%        3    ####...
 Dazzling Spray           Conj/Hex       #.....       100%        3    ####...
 Inner Flame              Hex/Fire       #.......     100%        3    ####...
 Spider Form              Tmut/Pois      #.........   100%        3    ####...
 Stone Arrow              Conj/Erth      #.....       100%        3    ####...
 Force Lance              Conj/Tloc      #.......     100%        4    #####..
 Fulminant Prism          Conj/Hex       #.........   100%        4    #####..
 Ice Form                 Ice/Tmut       #.......     100%        4    #####..
 Iskenderun's Mystic Bla  Conj           #.......     100%        4    #####..
 Petrify                  Tmut/Erth      #.......     100%        4    #####..
 Sticky Flame             Conj/Fire      #.......     100%        4    #####..
 Blade Hands              Tmut           #.........   100%        5    ######.
 Bolt of Magma            Conj/Fire/Erth #.........   100%        5    ######.
 Fireball                 Conj/Fire      #.........   100%        5    ######.
 Iskenderun's Battlesphe  Conj/Chrm      #.......     100%        5    ######.
 Lee's Rapid Deconstruct  Erth           #.........   100%        5    ######.
 Venom Bolt               Conj/Pois      #.........   100%        5    ######.
 Hydra Form               Tmut           #.........   100%        6    #######
 Iron Shot                Conj/Erth      #.........   100%        6    #######
 Orb of Destruction       Conj           #.........   100%        7    #######
 Spellforged Servitor     Conj/Summ      #.........   100%        7    #######


Dungeon Overview and Level Annotations

Branches:
Dungeon (15/15)            Temple (1/1) D:7            Lair (6/6) D:8
 Shoals (4/4) Lair:2       Spider (4/4) Lair:2        Slime (0/5) Lair:6
    Orc (2/2) D:10            Elf (0/3) Orc:2        Vaults (4/5) D:14
  Crypt (0/3) Vaults:2     Depths (0/5) D:15        Desolation (1/1)

Altars:
Ashenzari
Cheibriados
Dithmenos
Elyvilon
Fedhas
Gozag
Hepliaklqana
Kikubaaqudgha
Makhleb
Nemelex Xobeh
Okawaru
Qazlal
Ru
Sif Muna
Trog
Uskayaw
Vehumet
Wu Jian
Xom
Yredelemnul
Zin
The Shining One
Jiyva

Shops:
D:10 (   D:14 [   D:15 (   Orc:2 [[([   Shoals:2 }   Vaults:1 !   Vaults:4 %


Innate Abilities, Weirdness & Mutations

You are resistant to torment.
Your stone body is resilient. (AC +15)
You are immune to poison.
Your large and strong wings let you fly indefinitely.
You resist negative energy. (rN+)
You are resistant to electric shocks. (rElec)
You can survive without breathing.
You are immune to petrification.
You are immune to rotting.
Your life essence is reduced to manifest your ancestor. (-10% HP)


Message History

The saltling hits Marina!!
The ragged hierophant hits Marina with a +0 dagger of pain.
Marina hits the ragged hierophant with a +0 dagger of draining!
You block the peacekeeper's attack.
The peacekeeper claws you but does no damage.
The saltling barely misses Marina.
The imperial myrmidon casts a spell at you.
You feel yourself slow down.
You slice the imperial myrmidon!!
The imperial myrmidon is heavily wounded.
You slice the saltling!!
You hit the peacekeeper but do no damage.
You block the peacekeeper's attack. x2
The ragged hierophant hits Marina with a +0 dagger of pain.
The saltling misses Marina.
The peacekeeper bites Marina!!
The peacekeeper claws Marina but does no damage.
Marina mumbles some strange words.
Marina seems to speed up.
The imperial myrmidon hits you with a +0 scimitar!
You die...

...... ..................
............#..........§.
..............#........§.
.§....................§§.
.. §....§§§§.........§§..
§§ §#...§§§.§........§§..
§§ §§.§.§§.§§........§§.
.§ §§§..§§.§§...8....§§§§
.§ §§§§§§§...@8p#§.§§.§ ..
§§§§§§§§...Rp...§§.§§ .§
§§§§§§§§§.88pL8§§§§§§
...§§§§§§§§§§§§§8...§§.§§
..§§§§§§§§§#§§§§##.§§...§§
..§§§§§§§§§.§§§§ .......§§
....§§§§§§... §§§8.#..§
..§.§§§§§§§### §#§§§....§
....§§§§§...[# §§§§.....


You could see the friendly Marina the hexer, 2 ragged hierophants, an imperial
myrmidon, a halazid warlock, 2 peacekeepers and 4 saltlings.

Vanquished Creatures
  A bone dragon (Vaults:2)
  Gastronok (Lair:3)
  2 krakens (Shoals:2)
  Ilsuiw (Shoals:4)
  4 ghost moths
  Aizul (Vaults:1)
  An orc warlord (Orc:2)
  6 emperor scorpions
  3 vault wardens (Vaults:1)
  A stone giant (Vaults:2)
  4 entropy weavers
  5 ironheart preservers
  2 deep elf annihilators (Vaults:2)
  Azrael (D:15)
  A dire elephant (Lair:4)
  A halazid warlock (Desolation)
  4 spark wasps
  A minotaur (Lair:3)
  5 merfolk impalers
  An ettin (D:15)
  A death ooze (Lair:5)
  5 servants of whispers (Desolation)
  3 yaktaur captains (Vaults:1)
  3 fire dragons (Vaults:1)
  3 peacekeepers (Desolation)
  5 ragged hierophants (Desolation)
  6 hydras
  4 centaur warriors
  A merfolk avatar (Shoals:4)
  4 merfolk aquamancers (Shoals:4)
  5 catoblepae
  6 satyrs
  18 two-headed ogres
  5 ogre magi
  2 alligator snapping turtles (Shoals:2)
  The ghost of safebet222 the Severer, a novice HOFi of Okawaru (D:8)
  13 death yaks
  2 tengu warriors (D:15)
  A queen ant (Lair:2)
  An orc high priest (Orc:2)
  4 deep elf knights
  8 skeletal warriors
  A shadow wraith (Vaults:2)
  7 sea snakes
  4 deep trolls
  4 wizards
  3 wolf spider zombies
  8 harpies (Shoals:4)
  19 orb spiders
  7 orc knights
  8 ironbrand convokers
  4 deep elf archers
  A necromancer (D:14)
  15 ugly things
  7 orc sorcerers
  21 wolf spiders
  6 cyclopes
  9 deep elf magi
  21 fauns
  A salamander (shapeshifter) (Vaults:1)
  10 manticores
  3 moths of wrath
  11 merfolk sirens
  6 water nymphs
  4 black mambas
  A guardian serpent (Desolation)
  12 elephants
  A molten gargoyle (Desolation)
  A centaur zombie (D:15)
  11 spiny frogs
  Psyche (D:9)
  2 torpor snails (Spider:4)
  5 yaktaurs
  A redback zombie (D:14)
  A vault sentinel (Vaults:1)
  3 rime drakes
  2 freezing wraiths (Vaults:2)
  4 komodo dragons
  17 merfolk
  A tengu conjurer (D:15)
  19 demonic crawlers
  5 trolls
  5 wind drakes
  38 jumping spiders
  13 hornets
  Grinder (D:3)
  A tyrant leech (Lair:1)
  A meliai zombie (D:13)
  2 blink frogs (Lair:3)
  2 slime creatures (Lair:5)
  6 dream sheep (Lair:6)
  29 saltlings (Desolation)
  11 hippogriffs
  A centaur simulacrum (D:13)
  4 snapping turtles
  Sigmund (D:5)
  62 redbacks
  25 tarantellas
  2 spriggans
  2 wyverns
  A vampire (D:9)
  6 water elementals
  3 fire elementals (D:15)
  A human (shapeshifter) (D:14)
  60 yaks
  3 basilisks
  A hungry ghost (D:14)
  10 vampire mosquitoes
  An acid dragon (D:15)
  12 soldier ants (Lair:2)
  12 water moccasins
  Duvessa (D:6)
  A water moccasin (shapeshifter) (D:14)
  4 porcupines
  2 ice beasts
  A hornet zombie (D:7)
  2 black bears (D:10)
  5 sky beasts
  A necrophage (D:12)
  22 orc warriors
  2 phantoms
  9 boggarts
  12 centaurs
  21 ogres
  34 wolves
  6 crocodiles
  3 big kobolds
  9 bullfrogs
  A wyvern zombie (D:12)
  2 scorpions
  A hexer (Lair:3)
  A hornet simulacrum (D:14)
  Dowan (D:6)
  3 killer bees (D:10)
  23 wights
  4 howler monkeys
  2 electric eels
  5 crimson imps
  2 bullfrog zombies
  5 centaur skeletons
  6 jellies
  9 hounds
  14 orc priests
  18 orc wizards
  A bullfrog skeleton (D:5)
  Crazy Yiuf (D:6)
  6 iguanas
  31 worker ants
  2 hound zombies (D:7)
  A worker ant zombie (D:8)
  6 adders
  4 shadow imps
  2 oozes
  2 worms (D:2)
  3 dart slugs
  4 leopard geckos
  81 orcs
  11 bats
  4 giant cockroaches
  10 goblins
  7 hobgoblins
  16 jackals
  7 quokkas
  2 ball pythons
  11 frilled lizards
  A jackal skeleton (D:6)
  18 kobolds
  A leopard gecko skeleton (D:5)
  9 rats
  A fungus (Lair:6)
  23 plants
  5 tentacles (Shoals:2)
1232 creatures vanquished.

Vanquished Creatures (collateral kills)
  An emperor scorpion (Spider:2)
  The ghost of Qeimiotua the Blocker, a journeyman MiFi of Okawaru (Lair:5)
  A merfolk javelineer (Shoals:4)
  Snorg (Lair:3)
  2 merfolk avatars
  3 hydras
  2 orc high priests (Orc:2)
  A death yak (D:7)
  An unseen horror (D:15)
  A sea snake (Shoals:4)
  A wolf spider (Spider:4)
  An ugly thing (D:13)
  A faun (Shoals:3)
  A cyclops (Vaults:1)
  A merfolk siren (Lair:2)
  3 manticores
  2 vault sentinels (Vaults:2)
  4 elephants
  A water nymph (Shoals:4)
  2 spiny frogs (Lair:1)
  A demonic crawler (Spider:1)
  6 komodo dragons
  A jumping spider (shapeshifter) (Vaults:2)
  5 merfolk
  A troll (Orc:2)
  6 jumping spiders
  A tengu conjurer (D:9)
  Prince Ribbit (D:9)
  A hornet (Spider:4)
  A blink frog (Lair:3)
  3 hippogriffs
  A snapping turtle (Shoals:1)
  6 redbacks
  A hog (D:10)
  A vampire (D:14)
  3 yaks
  A hungry ghost (D:11)
  An acid dragon (D:14)
  A hell hound (D:15)
  2 soldier ants (Lair:2)
  2 water moccasins
  A porcupine (Lair:1)
  5 orc warriors
  A phantom (D:8)
  3 wolves (Lair:1)
  4 crocodiles
  A centaur (Vaults:1)
  A big kobold (D:11)
  3 bullfrogs
  A scorpion (D:9)
  A wight (D:7)
  A centaur zombie (D:8)
  3 hounds
  2 jellies
  A bullfrog skeleton (D:9)
  2 orc priests
  2 orc wizards
  An iguana (D:10)
  6 worker ants (Lair:2)
  A hound zombie (D:8)
  2 adders
  6 orcs
  2 goblins (D:8)
  A quokka (D:8)
  3 kobolds
  A fungus (Lair:6)
  A plant (Shoals:4)
133 creatures vanquished.

Vanquished Creatures (others)
  A fire elemental (D:15)
  An electric eel (Spider:4)
  26 hexers
  An orc wizard (Orc:2)
  6 ancestors
  34 fungi
  36 plants
  6 tentacles (Shoals:2)
111 creatures vanquished.

Grand Total: 1476 creatures vanquished

Notes
Turn   | Place    | Note
-------+----------+-------------------------------------------
     0 | D:1      | sanboga the Gargoyle Fighter began the quest for the Orb.
     0 | D:1      | Reached XP level 1. HP: 14/14 MP: 1/1
   130 | D:1      | Reached XP level 2. HP: 15/19 MP: 2/2
   484 | D:1      | Reached XP level 3. HP: 23/23 MP: 3/3
  1012 | D:2      | Reached skill level 4 in Shields
  1021 | D:2      | Reached XP level 4. HP: 22/28 MP: 4/4
  1034 | D:2      | Found a burning altar of Makhleb.
  1937 | D:3      | Reached XP level 5. HP: 31/33 MP: 5/5
  2134 | D:3      | Noticed Grinder
  2139 | D:3      | Paralysed by Grinder for 5 turns
  2167 | D:3      | Killed Grinder
  2167 | D:3      | Reached skill level 5 in Shields
  2167 | D:3      | Reached XP level 6. HP: 18/38 MP: 6/6
  2556 | D:4      | Noticed a phantom
  2569 | D:4      | Killed a phantom
  2569 | D:4      | Reached XP level 7. HP: 44/44 MP: 7/7
  3427 | D:5      | Entered Level 5 of the Dungeon
  3468 | D:5      | Reached skill level 6 in Shields
  3592 | D:5      | Reached skill level 5 in Armour
  3744 | D:5      | Reached skill level 5 in Fighting
  3744 | D:5      | Reached XP level 8. HP: 49/49 MP: 8/8
  3919 | D:5      | Reached skill level 5 in Axes
  3930 | D:5      | Noticed Sigmund
  3993 | D:5      | Killed Sigmund
  3993 | D:5      | Reached skill level 7 in Shields
  4248 | D:5      | Found a shimmering altar of Xom.
  4249 | D:5      | Found a sacrificial altar of Ru.
  4249 | D:5      | Found a snail-covered altar of Cheibriados.
  4250 | D:5      | Found a radiant altar of Vehumet.
  4755 | D:6      | Found a runed translucent door.
  4756 | D:6      | Noticed Crazy Yiuf
  4784 | D:6      | Noticed Duvessa
  4785 | D:6      | Noticed Dowan
  4792 | D:6      | Killed Dowan
  4802 | D:6      | Killed Duvessa
  4822 | D:6      | Found a sparkling altar of Nemelex Xobeh.
  4863 | D:6      | Killed Crazy Yiuf
  4998 | D:6      | Found a hide-covered altar of Uskayaw.
  5048 | D:6      | Noticed a two-headed ogre
  5059 | D:6      | HP: 2/50 [two-headed ogre/+0 giant club (14)]
  5065 | D:6      | Killed a two-headed ogre
  5065 | D:6      | Reached skill level 8 in Shields
  5065 | D:6      | Reached XP level 9. HP: 3/55 MP: 9/9
  5384 | D:6      | Found a bloodstained altar of Trog.
  5459 | D:6      | Found a blossoming altar of Fedhas.
  5740 | D:6      | Found a shimmering blue altar of Sif Muna.
  6141 | D:7      | Found a sacrificial altar of Ru.
  6360 | D:7      | Found a staircase to the Ecumenical Temple.
  6367 | Temple   | Entered the Ecumenical Temple
  6373 | Temple   | Became a worshipper of Hepliaklqana the Forgotten
  6719 | D:7      | Reached skill level 9 in Shields
  7313 | D:8      | Reached XP level 10. HP: 48/54 MP: 10/10
  7318 | D:8      | Found a runed translucent gate.
  7319 | D:8      | Found a runed translucent gate.
  7320 | D:8      | Found a runed translucent gate.
  7330 | D:8      | Noticed a nine-headed hydra
  7330 | D:8      | Noticed safebet222's ghost (novice HOFi)
  7331 | D:8      | Noticed a ten-headed hydra
  7371 | D:8      | Noticed a death yak
  7395 | D:8      | Noticed a death yak
  7423 | D:7      | Killed a death yak
  7578 | D:8      | Noticed a death yak
  7593 | D:7      | Reached skill level 10 in Shields
  7594 | D:7      | Killed a death yak
  8323 | D:7      | Killed a death yak
  8545 | D:8      | Found a staircase to the Lair.
  8750 | D:8      | Found an iron altar of Okawaru.
  8820 | D:8      | Reached XP level 11. HP: 59/61 MP: 11/11
  9054 | D:8      | Reached skill level 11 in Shields
  9343 | D:9      | Reached * piety under Hepliaklqana
  9599 | D:9      | Noticed Prince Ribbit
  9600 | D:9      | Found a glowing silver altar of Zin.
  9617 | D:9      | Killed Prince Ribbit
  9701 | D:9      | Found a white marble altar of Elyvilon.
  9744 | D:9      | Noticed Psyche
  9750 | D:9      | Cast into level 1 of the Abyss (Psyche)
  9750 | Abyss:1  | Found a corrupted altar of Lugonu.
  9765 | D:9      | Escaped the Abyss
  9821 | D:9      | Killed Psyche
 10143 | D:10     | Entered Level 10 of the Dungeon
 10253 | D:10     | Found Giapaur's Weapon Shoppe.
 10253 | D:10     | Found a staircase to the Orcish Mines.
 10631 | D:10     | Reached ** piety under Hepliaklqana
 10639 | D:10     | Remembered your ancestor Marina as a hexer
 10850 | D:10     | Noticed Sonja
 10852 | D:10     | Noticed Sonja
 10852 | D:10     | Sonja changed into Sonja the hog
 10858 | D:10     | Killed Sonja the hog
 11012 | D:11     | Identified a scroll of acquirement
 11092 | D:11     | Reached skill level 10 in Axes
 11092 | D:11     | Reached skill level 12 in Shields
 11602 | D:11     | Reached XP level 12. HP: 61/68 MP: 12/12
 12074 | Lair:1   | Entered Level 1 of the Lair of Beasts
 12117 | Lair:1   | Noticed a seven-headed hydra
 12672 | Lair:1   | a seven-headed hydra changed into a tyrant leech
 13171 | Lair:1   | Reached skill level 13 in Shields
 13617 | Lair:2   | Reached *** piety under Hepliaklqana
 13681 | Lair:2   | Found a hole to the Spider Nest.
 13709 | Lair:2   | Noticed a queen ant
 13727 | Lair:2   | Killed a queen ant
 13751 | Lair:2   | Reached skill level 10 in Fighting
 13763 | Lair:2   | Reached skill level 10 in Armour
 13843 | Lair:2   | Reached XP level 13. HP: 65/73 MP: 13/13
 14211 | Lair:2   | Found a staircase to the Shoals.
 14552 | Lair:3   | Noticed Gastronok
 14566 | Lair:3   | Killed Gastronok
 14703 | Lair:3   | Reached skill level 14 in Shields
 14957 | Lair:3   | Noticed a minotaur
 14957 | Lair:3   | a 13-headed hydra changed into a minotaur
 15252 | Lair:3   | Killed a minotaur
 15355 | Lair:3   | Noticed Snorg
 15377 | Lair:3   | Killed Snorg
 15607 | Lair:3   | Reached **** piety under Hepliaklqana
 16029 | Lair:4   | Reached skill level 1 in Invocations
 16375 | Lair:4   | Gained mutation: Your large and strong wings let you fly
                  | indefinitely. [Gargoyle growth]
 16375 | Lair:4   | Reached XP level 14. HP: 81/81 MP: 15/15
 16407 | Lair:4   | Noticed a dire elephant
 16426 | Lair:4   | Killed a dire elephant
 16689 | Lair:5   | Reached ***** piety under Hepliaklqana
 16719 | Lair:5   | Reached skill level 15 in Shields
 17032 | Lair:5   | Found a runed translucent gate.
 17032 | Lair:5   | Found a runed translucent gate.
 17032 | Lair:5   | Found a runed translucent gate.
 17034 | Lair:5   | Found a viscous altar of Jiyva.
 17034 | Lair:5   | Noticed Qeimiotua's ghost (journeyman MiFi)
 17930 | Lair:5   | Killed Qeimiotua's ghost
 17997 | Lair:6   | Entered Level 6 of the Lair of Beasts
 18399 | Lair:6   | Found a viscous altar of Jiyva.
 18399 | Lair:6   | Found a staircase to the Slime Pits.
 18687 | Lair:6   | Reached skill level 1 in Evocations
 19086 | Lair:6   | Reached XP level 15. HP: 80/86 MP: 18/18
 19547 | Orc:1    | Entered Level 1 of the Orcish Mines
 19953 | Orc:2    | Entered Level 2 of the Orcish Mines
 19968 | Orc:2    | Reached skill level 16 in Shields
 20014 | Orc:2    | Noticed an orc warlord
 20180 | Orc:2    | Killed an orc warlord
 20531 | Orc:2    | Found a staircase to the Elven Halls.
 20799 | Orc:2    | Found Xerrown's Armour Shoppe.
 21614 | Orc:2    | Found Boba's Antique Weapon Shoppe.
 21620 | Orc:2    | Found Janwialuwk's Armour Boutique.
 21623 | Orc:2    | Found Nyngotri's Antique Armour Boutique.
 21656 | Orc:2    | Bought a pair of embroidered gloves for 202 gold pieces
 22987 | D:13     | Reached ****** piety under Hepliaklqana
 23566 | D:14     | Found a gate to the Vaults.
 23606 | D:14     | Found Lelaujin's Armour Shop.
 24057 | D:15     | Entered Level 15 of the Dungeon
 24057 | D:15     | Found Ogushuha's Antique Weapon Shop.
 24079 | D:15     | Reached XP level 16. HP: 92/92 MP: 19/19
 24240 | D:15     | Found a staircase to the Depths.
 24256 | D:15     | Reached skill level 17 in Shields
 24363 | D:15     | Noticed Azrael
 24378 | D:15     | Killed Azrael
 24408 | D:15     | Found a glowing golden altar of the Shining One.
 24442 | D:15     | Reached skill level 5 in Evocations
 25145 | Spider:1 | Entered Level 1 of the Spider Nest
 25246 | D:8      | Killed safebet222's ghost
 26006 | Spider:1 | Reached skill level 15 in Axes
 26647 | Spider:2 | Reached XP level 17. HP: 94/98 MP: 21/21
 26955 | Spider:2 | You are sucked into a shaft and drop 1 floor!
 27006 | Spider:3 | Reached skill level 18 in Shields
 27454 | Spider:3 | Reached skill level 5 in Invocations
 27759 | Spider:4 | Entered Level 4 of the Spider Nest
 29162 | Spider:4 | Reached XP level 18. HP: 86/104 MP: 0/22
 29361 | Spider:4 | Got a gossamer rune of Zot
 29659 | Shoals:1 | Entered Level 1 of the Shoals
 31062 | Shoals:2 | Identified the Grimoire of Blistering Shape Shifting
 31353 | Shoals:2 | Found Utuw's Gadget Shop.
 31560 | Shoals:2 | Bought a wand of acid (6) for 300 gold pieces
 31934 | Shoals:3 | Reached skill level 19 in Shields
 33076 | Shoals:4 | Entered Level 4 of the Shoals
 33673 | Shoals:4 | Got a barnacled rune of Zot
 34098 | Shoals:4 | Noticed Ilsuiw
 34104 | Shoals:4 | Reached XP level 19. HP: 109/109 MP: 25/25
 34125 | Shoals:4 | Killed Ilsuiw
 34514 | Vaults:1 | Entered Level 1 of the Vaults
 34613 | Vaults:1 | Found Wuproib's Distillery.
 34616 | Vaults:1 | Bought a potion of mutation for 112 gold pieces
 34616 | Vaults:1 | Bought 2 potions of heal wounds for 140 gold pieces
 34616 | Vaults:1 | Bought a potion of haste for 140 gold pieces
 34921 | Vaults:1 | Noticed Aizul
 34936 | Vaults:1 | Killed Aizul
 35351 | Vaults:1 | Reached skill level 15 in Armour
 35665 | Vaults:1 | Reached skill level 15 in Fighting
 35665 | Vaults:1 | Reached skill level 20 in Shields
 36547 | Vaults:2 | Noticed a bone dragon
 36550 | Vaults:2 | Reached XP level 20. HP: 114/116 MP: 26/26
 36551 | Vaults:2 | Found a staircase to the Crypt.
 36562 | Vaults:2 | Killed a bone dragon
 36761 | Vaults:2 | You are sucked into a shaft and drop 2 floors!
 36761 | Vaults:4 | Found Vakuf's Food Shoppe.
 36817 | Vaults:4 | Found a ruined gateway.
 36824 | Desolati | Entered the Desolation of Salt
 36917 | Desolati | Found the +8 longbow "Zephyr" {speed, Dex+3 SInv}
 37410 | Desolati | Slain by an imperial myrmidon

Levels and vault maps discovered:
D:1:      shiori_arrival_elements, layout_loops_ring, minmay_shallow_snake_nest
D:2:      layout_basic, old_standard_altar, first_ration, st_stairs_12
D:3:      layout_loops_ring, uniq_grinder
D:4:      layout_basic
D:5:      layout_layer_cave, chequers_temple_overflow_statue_of_worship,
          minmay_misc_feat_rows, uniq_sigmund
D:6:      layout_loops_corners, kennysheep_little_box,
          nicolae_overflow_hidden_temple, lemuel_blue_sif_altar,
          lemuel_coloured_pillars_altar, hex_medium, grunt_ministairs_15,
          trog_three_pillars_becter, uniq_duvessa, uniq_crazy_yiuf_cottage
D:7:      cheibrodos_quashed, layout_loops_corners, minmay_temple_entry_tees,
          nicolae_ru_great_annihilating_truth
D:8:      layout_rooms, kennysheep_okawaru_gauntlet, dpeg_lair_monsters,
          special_room [special_room_orc], gammafunk_ghost_hydra_chop
D:9:      layout_long_grid, overflow_temple_1_default,
          overflow_temple_1_default, uniq_psyche, uniq_prince_ribbit1
D:10:     layout_loops_ring, orc_david_3, uniq_sonja
D:11:     layout_loops_ring
D:12:     layout_roguey, the_bakery
D:13:     layout_roguey
D:14:     layout_long_grid, david_vaults_1, serial_shops, shop
D:15:     hangedman_depths_entry_civil_slaughter, layout_basic, serial_shops,
          shop_statue, tso_metal_star, uniq_azrael
Temple:   eino_wide_crystal_templ
Lair:1:   layout_loops_ring, grunt_forest_large_clearings
Lair:2:   layout_hall_layers, minmay_shoals_entry_lonely_mermaid,
          dummy_spider_entry, zaba_anthell
Lair:3:   layout_gridlike, beast_lair_carwin_10, uniq_snorg, uniq_gastronok
Lair:4:   mu_elephants_graveyard, layout_regular_city
Lair:5:   layout_concentric_octagons, gammafunk_ghost_ooze, st_stairs_3
Lair:6:   evilmike_catoblepas_cave, layout_regular_city,
          dpeg_slime_entry_enclosed_altar
Shoals:1: layout_shoals
Shoals:2: layout_shoals, serial_shops, nicolae_shop_waterfront
Shoals:3: layout_shoals, ldierk_geyser
Shoals:4: shoals_end_grunt_garden, layout_shoals, shoal_ilsuiw
Spider:1: layout_spider_delve, drop_trap, guppyfry_hornet_nest
Spider:2: layout_spider_delve
Spider:3: layout_spider_delve
Spider:4: spider_rune_water
Orc:1:    layout_caves
Orc:2:    st_orc_elflike, layout_caves, nicolae_orc_rockfall
Vaults:1: nicolae_vaults_twisting_passages, st_cells, ontoclasm_vaults_pinch,
          v_alt_pattern_6, hangedman_vaults_stretched_pinwheel, v_misc_24,
          vaults_mumra_minichess, layout_vaults_omnigrid, serial_shops,
          nicolae_shop_behind_doors, uniq_aizul
Vaults:2: ontoclasm_vaults_eye, vaults_mumra_hexcomb, v_rooms_4,
          vaults_room_door_hall, minmay_crypt_entry_nasty_monster,
          nicolae_vaults_big_angled_halls, v_alt_pattern_3,
          hangedman_vaults_cutoff, v_rooms_5, v_misc_22, vaults_room_door_ring,
          nicolae_vaults_c_with_doors, hangedman_vaults_stretched_pinwheel,
          layout_vaults_ring, serial_shops, shop
Vaults:4: v_misc_3, hangedman_vaults_impose, ontoclasm_vaults_ring_large,
          grunt_vaults_hallway_long, v_pattern_2, vaults_room_pools,
          nicolae_vaults_rhombus_5, vaults_room_fours,
          nicolae_vaults_circle_grid_b, layout_vaults_omnicross,
          portal_desolation_entry_ruin, serial_shops, shop
Desolation

Skill      XL: |  1  2  3  4  5  6  7  8  9 10 11 12 13 14 15 16 17 18 19 |
---------------+----------------------------------------------------------+-----
Axes           | 2 3 4 6 7 8 10 11 12 13 14 15 16 17 | 17.8
Shields        | 4 5 6 8 9 10 12 13 14 15 16 17 18 19 20 | 20.6
Fighting       | 4 5 6 8 9 10 11 12 13 14 15 | 15.4
Armour         | 4 5 6 8 9 10 11 12 13 14 15 | 15.5
Invocations    | 2 4 6 8 9 |  9.1
Evocations     | 1 4 6 |  6.8

Action                   |  1- 3 |  4- 6 |  7- 9 | 10-12 | 13-15 | 16-18 | 19-21 || total
-------------------------+-------+-------+-------+-------+-------+-------+-------++-------
Melee: War axe           |   143 |   200 |   260 |       |       |       |       ||   603
       Broad axe         |       |       |   106 |   862 |  1335 |  1243 |   501 ||  4047
Invok: Ancestor Identity |       |       |     1 |       |       |       |       ||     1
       Recall Ancestor   |       |       |       |     1 |     1 |     1 |     1 ||     4
       Ancestor Life: He |       |       |       |     1 |       |       |       ||     1
 Abil: Evoke Berserk Rag |       |       |       |       |     6 |     6 |     1 ||    13
       Fly               |       |       |       |       |     1 |       |       ||     1
Evoke: Wand              |       |       |       |     4 |    11 |     7 |       ||    22
  Use: Scroll            |     2 |     5 |     7 |     9 |     8 |    11 |     3 ||    45
       Potion            |       |     1 |     5 |     2 |     1 |     4 |     7 ||    20
 Stab: Distracted        |       |       |     1 |     4 |    10 |    11 |     1 ||    27
       Paralysed         |       |       |     1 |       |     9 |    42 |     9 ||    61
       Confused          |       |       |       |     3 |    16 |     8 |     7 ||    34
       Invisible         |       |       |       |       |     1 |       |       ||     1
       Petrified         |       |       |       |       |     2 |     2 |       ||     4
       Sleeping          |       |       |       |       |       |     1 |       ||     1
  Eat: Chunk             |     1 |     5 |    15 |    13 |    30 |    30 |    13 ||   107
       Ration            |       |       |       |     3 |     3 |     3 |       ||     9
Armor: Scale mail        |    29 |       |       |       |       |       |       ||    29
       Plate armour      |   119 |   171 |   237 |   446 |       |       |       ||   973
       Crystal plate arm |       |       |       |   148 |   992 |  1088 |   325 ||  2553
Dodge: Dodged            |    44 |    41 |    88 |   204 |   278 |   259 |   106 ||  1020
Block: Shield            |   102 |   124 |   215 |   684 |   980 |   989 |   353 ||  3447
